[Event "Irish International Open 2019"]
[Site "Dublin"]
[Date "2019.04.18"]
[Round "3.11"]
[White "Mihalik, Agoston"]
[Black "Brady, Stephen"]
[Result "1/2-1/2"]
[ECO "C41"]
[WhiteElo "2203"]
[BlackElo "2301"]
[Annotator "NA"]
[PlyCount "67"]
[EventDate "2019.02.28"]
[EventType "swiss"]
[EventCountry "IRL"]
[SourceTitle "playchess.com"]
[Source "ChessBase"]
[SourceQuality "1"]
[TimeControl "5400+30"]

1. e4 e5 2. Nf3 d6 3. d4 Nd7 4. Nc3 Be7 5. Bc4 c6 6. O-O Ngf6 7. a4 O-O 8. Re1 b6 9. Ba2 a6 10. Qd3 Bb7 11. Be3 b5 12. axb5 axb5 13. b4 Ng4 14. d5 Nxe3 15. fxe3 c5 16. Nxb5 cxb4 17. Bc4 Nc5 18. Qd2 Nxe4 19. Qxb4 Qb6 20. Rab1 Nc5 21. Nc3 Qxb4 22. Rxb4 Bd8 23. Ne4 Ba5 24. Nxc5 Bxb4 25. Nxb7 Rfc8 26. Bb5 e4 27. Rb1 exf3 28. Rxb4 Rxc2 29. gxf3 Ra1+ 30. Bf1 Rcc1 31. Nxd6 Rxf1+ 32. Kg2 Rfb1 33. Rc4 Rc1 34. Rb4 1/2-1/2

[Event "Irish International Open 2019"]
[Site "Dublin"]
[Date "2019.04.18"]
[Round "3.13"]
[White "Li, Henry"]
[Black "Cafolla, Peter"]
[Result "1-0"]
[ECO "B23"]
[WhiteElo "2308"]
[BlackElo "1949"]
[Annotator "NA"]
[PlyCount "57"]
[EventDate "2019.02.28"]
[EventType "swiss"]
[EventCountry "IRL"]
[SourceTitle "playchess.com"]
[Source "ChessBase"]
[SourceQuality "1"]
[TimeControl "5400+30"]

1. e4 c5 2. Nc3 Nc6 3. Bb5 e5 4. Bxc6 dxc6 5. f4 exf4 6. Nf3 Nf6 7. d3 Be7 8. Bxf4 O-O 9. O-O b5 10. Qe2 Bb7 11. a4 a6 12. b3 Re8 13. Kh1 Qd7 14. Nd1 Rad8 15. Ne3 Nh5 16. Bg5 f6 17. Bh4 Nf4 18. Qf2 Bd6 19. e5 Rxe5 20. Nxe5 Bxe5 21. Rae1 Nd5 22. Nf5 Bc3 23. Re4 g6 24. Ne3 Bd4 25. Nxd5 cxd5 26. Rxd4 cxd4 27. Qxf6 Rc8 28. Bg3 Qg7 29. Qe6+ 1-0

[Event "Irish International Open 2019"]
[Site "Dublin"]
[Date "2019.04.18"]
[Round "3.14"]
[White "Menzies, Colin"]
[Black "Remenyik, David"]
[Result "1-0"]
[ECO "E05"]
[WhiteElo "2183"]
[BlackElo "1798"]
[Annotator "NA"]
[PlyCount "75"]
[EventDate "2019.02.28"]
[EventType "swiss"]
[EventCountry "IRL"]
[SourceTitle "playchess.com"]
[Source "ChessBase"]
[SourceQuality "1"]
[TimeControl "5400+30"]

1. Nf3 e6 2. c4 Nf6 3. g3 d5 4. d4 dxc4 5. Bg2 Be7 6. O-O O-O 7. Qc2 a6 8. a4 Nbd7 9. Na3 c5 10. Rd1 Qc7 11. Nxc4 Nd5 12. e4 Nb4 13. Qb3 cxd4 14. Bf4 Qc5 15. Rac1 Qh5 16. Nd6 e5 17. Nf5 Nc6 18. Rxc6 bxc6 19. Nxe7+ Kh8 20. Nxc8 exf4 21. Nd6 Rab8 22. Qd3 fxg3 23. hxg3 c5 24. Nc4 f6 25. Rc1 Rbc8 26. Nh4 Ne5 27. Nxe5 fxe5 28. Nf5 Qf7 29. Qf1 Rc6 30. b4 c4 31. b5 axb5 32. axb5 Rc5 33. Nd6 Qe7 34. Nxc4 Rfc8 35. Bh3 R8c7 36. b6 R7c6 37. Ra1 Rxc4 38. Qxc4 1-0

[Event "Irish International Open 2019"]
[Site "Dublin"]
[Date "2019.04.18"]
[Round "3.16"]
[White "O`Connell, Kevin J."]
[Black "Longson, Sarah N"]
[Result "1-0"]
[ECO "D00"]
[WhiteElo "2328"]
[BlackElo "2123"]
[Annotator "NA"]
[PlyCount "107"]
[EventDate "2019.02.28"]
[EventType "swiss"]
[EventCountry "IRL"]
[SourceTitle "playchess.com"]
[Source "ChessBase"]
[SourceQuality "1"]
[TimeControl "5400+30"]

1. d4 d5 2. Bf4 c5 3. e3 Nc6 4. c3 Qb6 5. Qb3 c4 6. Qc2 e5 7. dxe5 Bf5 8. Qc1 Nge7 9. Nf3 Ng6 10. Bg3 Bc5 11. Be2 O-O 12. O-O Rfe8 13. b4 cxb3 14. axb3 Rac8 15. Qb2 Ngxe5 16. Rd1 Ng4 17. Nd4 Bxd4 18. exd4 Re7 19. h3 Nf6 20. f3 Rce8 21. Bf1 Ne5 22. Na3 Ng6 23. Nb5 Rd8 24. Re1 Rxe1 25. Rxe1 Ne8 26. Na3 a6 27. Nc2 Nf6 28. Ne3 Be6 29. Bd3 Nh5 30. Bh2 Nhf4 31. Bf1 Rc8 32. b4 h6 33. Nd1 Bf5 34. Nf2 Qc6 35. Re3 Bd7 36. g3 Ne6 37. f4 Nc7 38. g4 Nb5 39. Bxb5 Qxb5 40. f5 Nf8 41. Bd6 a5 42. Nd3 a4 43. Ne5 Nh7 44. Qa2 Nf6 45. h4 b6 46. g5 hxg5 47. hxg5 Ne8 48. Be7 Bxf5 49. Rf3 Be6 50. g6 Nf6 51. Bxf6 gxf6 52. Rxf6 fxg6 53. Rxg6+ Kh7 54. Qh2+ 1-0

[Event "Irish International Open 2019"]
[Site "Dublin"]
[Date "2019.04.18"]
[Round "3.17"]
[White "Melaugh, Gavin"]
[Black "Murphy, Sean"]
[Result "1-0"]
[ECO "B21"]
[WhiteElo "2109"]
[BlackElo "1976"]
[Annotator "NA"]
[PlyCount "79"]
[EventDate "2019.02.28"]
[EventType "swiss"]
[EventCountry "IRL"]
[SourceTitle "playchess.com"]
[Source "ChessBase"]
[SourceQuality "1"]
[TimeControl "5400+30"]

1. e4 c5 2. d4 cxd4 3. c3 d3 4. c4 d6 5. Bxd3 Nf6 6. h3 g6 7. Nc3 Bg7 8. Nf3 Nc6 9. O-O O-O 10. Be3 a6 11. a3 Bd7 12. Rc1 Ne5 13. Nxe5 dxe5 14. b4 Be6 15. Qe2 Nh5 16. Nd5 Bxd5 17. exd5 Nf4 18. Qd2 Nxd3 19. Qxd3 f5 20. f3 Qd7 21. Bb6 f4 22. Rfd1 g5 23. c5 Rab8 24. Qb3 Kh8 25. a4 Qf5 26. Qc2 Qf7 27. b5 axb5 28. axb5 h5 29. Qe4 Qe8 30. Bc7 Ra8 31. Bxe5 Qf7 32. Bxg7+ Qxg7 33. Qd4 Rf6 34. c6 bxc6 35. dxc6 g4 36. hxg4 hxg4 37. fxg4 Qxg4 38. c7 Rc8 39. Qd7 Qg8 40. Qxc8 1-0

[Event "Irish International Open 2019"]
[Site "Dublin"]
[Date "2019.04.18"]
[Round "3.18"]
[White "Scott, Luke"]
[Black "Melaugh, Shane"]
[Result "1/2-1/2"]
[ECO "E97"]
[WhiteElo "1881"]
[BlackElo "2105"]
[Annotator "NA"]
[PlyCount "74"]
[EventDate "2019.02.28"]
[EventType "swiss"]
[EventCountry "IRL"]
[SourceTitle "playchess.com"]
[Source "ChessBase"]
[SourceQuality "1"]
[TimeControl "5400+30"]

1. d4 d6 2. Nf3 g6 3. c4 Bg7 4. Nc3 Nf6 5. e4 O-O 6. Be2 e5 7. O-O Nc6 8. d5 Ne7 9. Bg5 h6 10. Bxf6 Bxf6 11. b4 Bg7 12. c5 f5 13. Bd3 g5 14. Nd2 c6 15. Qb3 Kh8 16. cxd6 Qxd6 17. Nc4 Qf6 18. d6 Ng6 19. exf5 Bxf5 20. Ne4 Bxe4 21. Bxe4 Nf4 22. a4 Ne2+ 23. Kh1 Nd4 24. Qe3 a6 25. a5 Rad8 26. Rad1 Qe6 27. Bd3 Rfe8 28. Qe4 Qg8 29. Rfe1 Nb5 30. Rd2 Nc3 31. Qf5 e4 32. Bf1 Qe6 33. Qxe6 Rxe6 34. f3 Kg8 35. g3 Ree8 36. d7 Re7 37. Bh3 Kf7 1/2-1/2

[Event "Irish International Open 2019"]
[Site "Dublin"]
[Date "2019.04.18"]
[Round "3.19"]
[White "Abul Kalam, Azad Lilu"]
[Black "Buonanno, Raffaele"]
[Result "0-1"]
[ECO "B06"]
[WhiteElo "1951"]
[BlackElo "2091"]
[Annotator "NA"]
[PlyCount "124"]
[EventDate "2019.02.28"]
[EventType "swiss"]
[EventCountry "IRL"]
[SourceTitle "playchess.com"]
[Source "ChessBase"]
[SourceQuality "1"]
[TimeControl "5400+30"]

1. e4 d6 2. d4 g6 3. Nf3 Bg7 4. c3 Nf6 5. Qc2 O-O 6. Be2 b6 7. Be3 Bb7 8. Nbd2 Nbd7 9. Rd1 e5 10. O-O h6 11. Ne1 d5 12. f3 Qe7 13. Bd3 Rfe8 14. dxe5 Nxe5 15. Bb5 c6 16. Bd3 Nxd3 17. Nxd3 dxe4 18. fxe4 Nxe4 19. Rfe1 c5 20. Nf3 Rad8 21. Nf2 Rxd1 22. Qxd1 Qc7 23. Bc1 Rd8 24. Qe2 Nxf2 25. Qxf2 Qc6 26. Rf1 Qe6 27. Re1 Qxa2 28. Qe3 Qd5 29. Qe7 a6 30. Bf4 Rd7 31. Qe8+ Kh7 32. Be5 Bxe5 33. Rxe5 Qc6 34. Kf2 Qc8 35. Qxc8 Bxc8 36. g3 Bb7 37. Re2 Kg7 38. Nd2 Kf6 39. Nc4 b5 40. Ne5 Rd1 41. h4 h5 42. Nf3 Rd3 43. Ne5 Rd5 44. Nf3 Rf5 45. Re3 Rxf3+ 46. Rxf3+ Bxf3 47. Kxf3 Kf5 48. b3 a5 49. Ke3 Kg4 50. Ke4 Kxg3 51. Kd5 f5 52. Kxc5 f4 53. Kxb5 f3 54. Kxa5 f2 55. c4 f1=Q 56. c5 Kf4 57. b4 Ke5 58. Kb6 Kd5 59. c6 Qc4 60. b5 Kd6 61. Ka6 Kc7 62. Ka5 Qxh4 0-1

[Event "Irish International Open 2019"]
[Site "Dublin"]
[Date "2019.04.18"]
[Round "3.20"]
[White "Lundback, Anders"]
[Black "McMorrow, John"]
[Result "0-1"]
[ECO "D58"]
[WhiteElo "1806"]
[BlackElo "2058"]
[Annotator "NA"]
[PlyCount "156"]
[EventDate "2019.02.28"]
[EventType "swiss"]
[EventCountry "IRL"]
[SourceTitle "playchess.com"]
[Source "ChessBase"]
[SourceQuality "1"]
[TimeControl "5400+30"]

1. d4 d5 2. c4 e6 3. Nf3 Nf6 4. Nc3 Be7 5. Bg5 Nbd7 6. e3 h6 7. Bh4 O-O 8. Rc1 b6 9. cxd5 exd5 10. Bd3 Bb7 11. O-O c5 12. Bb1 Re8 13. Qd3 Ne4 14. Bg3 Ndf6 15. Ne5 Bd6 16. Nxe4 dxe4 17. Qe2 g6 18. a3 Bd5 19. Rfd1 Qe7 20. h3 Kg7 21. Rd2 Rac8 22. Rdc2 Nh7 23. b4 f6 24. bxc5 bxc5 25. Ng4 Bxg3 26. fxg3 c4 27. Rc3 Qc7 28. Ba2 Qxg3 29. Bxc4 Bxc4 30. Rxc4 Rxc4 31. Qxc4 Re7 32. Qc5 Rf7 33. d5 Ng5 34. Kh1 h5 35. Nh2 Rd7 36. Rd1 Nf7 37. Nf1 Qe5 38. Qc6 Rd6 39. Qb7 a6 40. Rd4 Qg5 41. Qb3 h4 42. Nd2 f5 43. Nc4 Rd7 44. Qc3 Qf6 45. Qd2 Ne5 46. Nxe5 Qxe5 47. d6 Qc5 48. Rd5 Qxa3 49. Qd4+ Kf7 50. Qh8 Qc1+ 51. Kh2 Qxe3 52. Qxh4 Ke6 53. Rd1 Rxd6 54. Rxd6+ Kxd6 55. Qf6+ Kd5 56. Qxg6 Qf4+ 57. Kh1 Qf1+ 58. Kh2 e3 59. Qf7+ Kd4 60. Qd7+ Kc3 61. Qc7+ Qc4 62. Qa5+ Qb4 63. Qe5+ Kd2 64. Qd5+ Kc1 65. Qc6+ Kd1 66. Qd5+ Kc1 67. Qc6+ Kb2 68. Qf6+ Qc3 69. Qb6+ Kc2 70. Qxa6 Qe5+ 71. Kh1 e2 72. Qa2+ Kc1 73. Qc4+ Kd2 74. Qa2+ Ke1 75. Kg1 Qe3+ 76. Kh2 Kf1 77. Qc4 Qe4 78. Qb5 Qxg2# 0-1

[Event "Irish International Open 2019"]
[Site "Dublin"]
[Date "2019.04.18"]
[Round "3.21"]
[White "Doyle, Hugh"]
[Black "Larter, Nick J."]
[Result "1-0"]
[ECO "A04"]
[WhiteElo "2042"]
[BlackElo "1830"]
[Annotator "NA"]
[PlyCount "75"]
[EventDate "2019.02.28"]
[EventType "swiss"]
[EventCountry "IRL"]
[SourceTitle "playchess.com"]
[Source "ChessBase"]
[SourceQuality "1"]
[TimeControl "5400+30"]

1. Nf3 b6 2. g3 Bb7 3. Bg2 e5 4. d3 f5 5. e4 d6 6. exf5 Nf6 7. O-O Qd7 8. Nxe5 Qc8 9. Bxb7 Qxb7 10. Ng4 Nbd7 11. Re1+ Be7 12. Qe2 O-O-O 13. Nd2 Nxg4 14. Qxg4 Ne5 15. Rxe5 Bf6 16. Re6 h5 17. Qf3 h4 18. Qxb7+ Kxb7 19. Nf3 hxg3 20. fxg3 Rh5 21. g4 Rh3 22. Kg2 Rdh8 23. Rxf6 gxf6 24. Bf4 R3h7 25. Re1 Rg7 26. h3 Rhh7 27. Re6 Re7 28. Nd4 Ref7 29. Re8 Rh4 30. Bg3 Rh6 31. h4 Rg7 32. Kf3 Rhh7 33. h5 Rf7 34. b4 a6 35. a4 c5 36. Ne6 Rd7 37. b5 Rhe7 38. Rf8 1-0

[Event "Irish International Open 2019"]
[Site "Dublin"]
[Date "2019.04.18"]
[Round "3.22"]
[White "Opseth, Oliver"]
[Black "Kersten, Julian"]
[Result "1-0"]
[ECO "D02"]
[WhiteElo "1739"]
[BlackElo "1996"]
[Annotator "NA"]
[PlyCount "69"]
[EventDate "2019.02.28"]
[EventType "swiss"]
[EventCountry "IRL"]
[SourceTitle "playchess.com"]
[Source "ChessBase"]
[SourceQuality "1"]
[TimeControl "5400+30"]

1. d4 Nf6 2. Bf4 g6 3. e3 Bg7 4. Bd3 c5 5. c3 O-O 6. Nf3 d5 7. O-O b6 8. Nbd2 Bb7 9. Qe2 Nbd7 10. Rfe1 h6 11. Rad1 Nh5 12. Ne5 Nxe5 13. Bxe5 Bxe5 14. dxe5 Ng7 15. c4 Qc7 16. f4 Rad8 17. Qg4 Bc8 18. Qg3 Nf5 19. Bxf5 Bxf5 20. cxd5 Rxd5 21. e4 Bxe4 22. Nxe4 Rxd1 23. Rxd1 Qc6 24. Qf3 Qa4 25. Nc3 Qb4 26. Nd5 Qxb2 27. Nxe7+ Kg7 28. Qc6 Qe2 29. Qf6+ Kh7 30. Rf1 Qe3+ 31. Kh1 Qd3 32. Rg1 Qd8 33. e6 Qd6 34. f5 g5 35. Ng6 1-0

[Event "Irish International Open 2019"]
[Site "Dublin"]
[Date "2019.04.18"]
[Round "3.23"]
[White "Reprun, Nadejda"]
[Black "Boyle, Bernard"]
[Result "1/2-1/2"]
[ECO "C11"]
[WhiteElo "1995"]
[BlackElo "1799"]
[Annotator "NA"]
[PlyCount "35"]
[EventDate "2019.02.28"]
[EventType "swiss"]
[EventCountry "IRL"]
[SourceTitle "playchess.com"]
[Source "ChessBase"]
[SourceQuality "1"]
[TimeControl "5400+30"]

1. e4 e6 2. d4 d5 3. Nd2 Nf6 4. e5 Ne4 5. Nxe4 dxe4 6. Be3 c5 7. dxc5 Nd7 8. c3 Qc7 9. Qa4 Bxc5 10. Qxe4 Bxe3 11. Qxe3 Qxe5 12. Qxe5 Nxe5 13. Bb5+ Bd7 14. Bxd7+ Kxd7 15. O-O-O+ Kc6 16. Ne2 Rad8 17. Nd4+ Kb6 18. Rhe1 1/2-1/2

[Event "Irish International Open 2019"]
[Site "Dublin"]
[Date "2019.04.18"]
[Round "3.24"]
[White "Phelan, Leo"]
[Black "Fox, Anthony"]
[Result "1/2-1/2"]
[ECO "C55"]
[WhiteElo "1708"]
[BlackElo "2031"]
[Annotator "NA"]
[PlyCount "134"]
[EventDate "2019.02.28"]
[EventType "swiss"]
[EventCountry "IRL"]
[SourceTitle "playchess.com"]
[Source "ChessBase"]
[SourceQuality "1"]
[TimeControl "5400+30"]

1. e4 e5 2. Nf3 Nc6 3. Bc4 Nf6 4. d3 Be7 5. O-O O-O 6. Re1 d6 7. a4 Be6 8. Nbd2 Qd7 9. h3 Rfe8 10. Ng5 Bxc4 11. Nxc4 h6 12. Nf3 Bf8 13. Nh2 Rad8 14. Ng4 Nxg4 15. Qxg4 Qxg4 16. hxg4 Nd4 17. Ne3 c6 18. Bd2 g6 19. Rab1 Bg7 20. b4 d5 21. Bc3 Ne6 22. Bb2 a6 23. Rbd1 b5 24. Ra1 d4 25. Nf1 Rb8 26. axb5 axb5 27. Nd2 c5 28. Ba3 Rec8 29. Ra2 c4 30. dxc4 bxc4 31. Rb1 Rb5 32. Bc1 c3 33. Nf1 Rcb8 34. Ba3 Nd8 35. Nh2 Nc6 36. Nf3 Nxb4 37. Bxb4 Rxb4 38. Rxb4 Rxb4 39. Ne1 Rb1 40. Kf1 Bf6 41. Ke2 Kg7 42. Nd3 Rb5 43. Ra7 Bg5 44. Ra1 Be7 45. Kf3 Bd6 46. Ke2 Bc7 47. Ra7 Bd6 48. Ra1 Rb6 49. Kf3 Kf6 50. Ra7 Ke6 51. Ke2 Rc6 52. Ra5 Rb6 53. Kd1 Rb1+ 54. Ke2 Rb6 55. Kd1 f6 56. Ke2 Rb7 57. Ra6 Ke7 58. Kd1 Rc7 59. Ke2 Rd7 60. Ra8 Kf7 61. Ra6 Kg7 62. Kf3 h5 63. gxh5 gxh5 64. Ra5 Rb7 65. Ra6 Be7 66. Ra1 Kg6 67. Ra8 Kg7 1/2-1/2

[Event "Irish International Open 2019"]
[Site "Dublin"]
[Date "2019.04.18"]
[Round "3.25"]
[White "Flynn, Jacob"]
[Black "Jocius, Donatas"]
[Result "0-1"]
[ECO "D90"]
[WhiteElo "2011"]
[BlackElo "1773"]
[Annotator "NA"]
[PlyCount "154"]
[EventDate "2019.02.28"]
[EventType "swiss"]
[EventCountry "IRL"]
[SourceTitle "playchess.com"]
[Source "ChessBase"]
[SourceQuality "1"]
[TimeControl "5400+30"]

1. d4 c6 2. c4 Nf6 3. Nc3 d5 4. Nf3 g6 5. cxd5 cxd5 6. Bf4 a6 7. e3 Bg7 8. h3 O-O 9. Be2 Qb6 10. a3 Bd7 11. b4 Rc8 12. Qb3 Qc6 13. Rc1 Ne4 14. Na2 Qe6 15. Rxc8+ Bxc8 16. Ne5 Nd7 17. Nd3 b6 18. Nc3 Nxc3 19. Qxc3 Bb7 20. O-O Rc8 21. Qb2 Nf6 22. Rc1 Ne4 23. Ne5 Rxc1+ 24. Qxc1 Qc8 25. Qxc8+ Bxc8 26. f3 Bxe5 27. Bxe5 Nc3 28. Bd3 f6 29. Bg3 b5 30. Kf2 Bf5 31. Bf1 Bc2 32. Ke1 Nb1 33. Be2 Nxa3 34. Kd2 Bf5 35. Kc3 Nb1+ 36. Kb2 Nd2 37. Be1 Nc4+ 38. Bxc4 bxc4 39. g4 Bd3 40. Ka3 Bc2 41. b5 axb5 42. Kb4 Bd1 43. f4 g5 44. Kxb5 Bf3 45. Kc6 Kf7 46. h4 gxh4 47. Bxh4 c3 48. Be1 c2 49. Bd2 e6 50. g5 fxg5 51. fxg5 Kg6 52. e4 Bxe4 53. Kc5 Kf5 54. Kb4 Kg4 55. Kc3 Kf3 56. Kb2 Bd3 57. Kc1 Ke4 58. Bc3 Kf5 59. Bd2 Kg4 60. Be3 Bf5 61. Kd2 Kf3 62. Bg1 Ke4 63. Bf2 Kf3 64. Bg1 Bd3 65. Kc1 Kf4 66. Kd2 c1=Q+ 67. Kxc1 Kxg5 68. Kd2 Be4 69. Ke2 Kf5 70. Kf2 e5 71. Kg3 h5 72. Kh4 Bf3 73. Kg3 Bd1 74. dxe5 Kxe5 75. Kf2 Ke4 76. Ke1 Ba4 77. Ke2 h4 0-1

[Event "Irish International Open 2019"]
[Site "Dublin"]
[Date "2019.04.18"]
[Round "3.26"]
[White "Farrelly, Eoin"]
[Black "Mulligan, Scott"]
[Result "1/2-1/2"]
[ECO "E81"]
[WhiteElo "1644"]
[BlackElo "2006"]
[Annotator "NA"]
[PlyCount "102"]
[EventDate "2019.02.28"]
[EventType "swiss"]
[EventCountry "IRL"]
[SourceTitle "playchess.com"]
[Source "ChessBase"]
[SourceQuality "1"]
[TimeControl "5400+30"]

1. d4 Nf6 2. c4 g6 3. Nc3 Bg7 4. e4 O-O 5. Be3 d6 6. f3 Nbd7 7. Nh3 c6 8. Be2 a6 9. a4 Rb8 10. O-O e5 11. d5 c5 12. Qd2 Ne8 13. Rfb1 a5 14. Nb5 Ra8 15. Rf1 Ndf6 16. Nf2 Nc7 17. Bg5 Nxb5 18. axb5 Qc7 19. Qe3 Kh8 20. Ng4 Ng8 21. h3 f6 22. Bh4 h5 23. Nh2 Bh6 24. Qc3 Bf4 25. Bf2 Bd7 26. g3 Bh6 27. Kg2 b6 28. g4 f5 29. Be3 hxg4 30. hxg4 f4 31. Bf2 Bg5 32. Rh1 Kg7 33. Qe1 Qd8 34. Nf1 Be7 35. Nd2 Nf6 36. Qg1 Qc7 37. Bh4 Rh8 38. Qf2 Ng8 39. Bxe7 Nxe7 40. Rxh8 Rxh8 41. Rh1 Qd8 42. b3 g5 43. Qg1 Ng6 44. Rxh8 Qxh8 45. Qh2 Nh4+ 46. Kg1 a4 47. bxa4 Qa8 48. Bd1 Qa5 49. Qe2 Qc3 50. Kf2 Qd4+ 51. Kf1 Qc3 1/2-1/2

[Event "Irish International Open 2019"]
[Site "Dublin"]
[Date "2019.04.18"]
[Round "3.27"]
[White "Schmitz, Andreas Arnold"]
[Black "Goss, Alex"]
[Result "1-0"]
[ECO "C01"]
[WhiteElo "2003"]
[BlackElo "1765"]
[Annotator "NA"]
[PlyCount "51"]
[EventDate "2019.02.28"]
[EventType "swiss"]
[EventCountry "IRL"]
[SourceTitle "playchess.com"]
[Source "ChessBase"]
[SourceQuality "1"]
[TimeControl "5400+30"]

1. e4 e6 2. d4 d5 3. exd5 exd5 4. Nf3 Bd6 5. Be2 Ne7 6. O-O O-O 7. b3 Bf5 8. c4 c6 9. Bd3 Bxd3 10. Qxd3 Nd7 11. Nc3 Rc8 12. c5 Bb8 13. b4 b6 14. Bg5 f6 15. Bh4 Ng6 16. Bg3 Bxg3 17. hxg3 a5 18. a3 Qc7 19. Rfe1 Rfe8 20. Re2 Kf7 21. Rae1 axb4 22. axb4 b5 23. Qf5 Rxe2 24. Rxe2 Ndf8 25. Nxb5 Ne7 26. Qxc8 1-0

[Event "Irish International Open 2019"]
[Site "Dublin"]
[Date "2019.04.19"]
[Round "4.5"]
[White "Larino Nieto, David"]
[Black "Epishin, Vladimir"]
[Result "1-0"]
[ECO "A06"]
[WhiteElo "2434"]
[BlackElo "2568"]
[Annotator "ChessBase"]
[PlyCount "147"]
[EventDate "2019.02.28"]
[EventType "swiss"]
[EventCountry "IRL"]
[SourceTitle "playchess.com"]
[Source "ChessBase"]
[SourceQuality "1"]
[TimeControl "5400+30"]

1. Nf3 d5 2. b3 Bg4 3. Bb2 Nd7 4. e3 Ngf6 5. h3 Bh5 6. d3 e6 7. g4 Bg6 8. Nh4 Bb4+ 9. Nd2 e5 10. Bg2 c6 11. a3 Bc5 12. Qe2 O-O 13. Nxg6 fxg6 14. c4 d4 15. O-O a5 16. exd4 exd4 17. Nf3 Qb6 18. b4 axb4 19. axb4 Rae8 20. Qc2 Bxb4 21. Bxd4 Bc5 22. Bc3 Qc7 23. d4 Bd6 24. Qb3 c5 25. d5 Ne4 26. Bb2 Ne5 27. Bxe5 Bxe5 28. Nxe5 Qxe5 29. Bxe4 Qxe4 30. Ra7 Re7 31. Rxb7 Rxb7 32. Qxb7 Qxc4 33. d6 Qd4 34. Qe7 Qf6 35. Qc7 Qe5 36. Rc1 h5 37. Qxc5 Qxc5 38. Rxc5 Rd8 39. Rc6 hxg4 40. hxg4 Kf7 41. Kg2 Ke6 42. d7+ Kxd7 43. Rxg6 Rg8 44. Kg3 Ke7 45. f4 Kf7 46. f5 Ra8 47. Kh4 Ra7 48. Kh5 Rb7 49. Ra6 Rb5 50. Kg5 Rb4 51. Ra5 Rb6 52. Ra7+ Kg8 53. Re7 Kf8 54. Re6 Rb4 55. Kh5 Rf4 56. Re5 Kf7 57. Ra5 Rb4 58. Ra7+ Kf8 59. g5 Rb6 60. Ra8+ Ke7 61. Rc8 Ra6 62. Rh8 Rb6 63. Ra8 Rc6 64. f6+ gxf6 65. g6 Rc1 66. g7 Rh1+ 67. Kg6 Rg1+ 68. Kh7 Rh1+ 69. Kg8 f5 70. Ra7+ Kf6 71. Kf8 Rg1 72. g8=Q Rxg8+ 73. Kxg8 f4 74. Ra5 1-0

[Event "Irish International Open 2019"]
[Site "Dublin"]
[Date "2019.04.19"]
[Round "4.6"]
[White "Jackson, James P"]
[Black "Moran, Stephen"]
[Result "1-0"]
[ECO "C11"]
[WhiteElo "2388"]
[BlackElo "2165"]
[Annotator "NA"]
[PlyCount "53"]
[EventDate "2019.02.28"]
[EventType "swiss"]
[EventCountry "IRL"]
[SourceTitle "playchess.com"]
[Source "ChessBase"]
[SourceQuality "1"]
[TimeControl "5400+30"]

1. e4 e6 2. d4 d5 3. Nc3 Nf6 4. e5 Nfd7 5. f4 c5 6. Nf3 Nc6 7. Be3 Be7 8. Qd2 O-O 9. dxc5 Qa5 10. O-O-O b6 11. Bb5 Nb4 12. a3 bxc5 13. Kb1 Nb6 14. f5 d4 15. axb4 cxb4 16. Nxd4 bxc3 17. Qe2 Bb7 18. Nb3 Qb4 19. Rd4 Nd5 20. Rxb4 Bxb4 21. Bc4 a5 22. Bxd5 Bxd5 23. bxc3 Bxc3 24. Bd2 a4 $18 25. Bxc3 Rfb8 26. Bb2 axb3 27. c4 1-0

[Event "Irish International Open 2019"]
[Site "Dublin"]
[Date "2019.04.19"]
[Round "4.7"]
[White "Longson, Alexander"]
[Black "Murphy, Sean"]
[Result "*"]
[ECO "D12"]
[WhiteElo "2318"]
[BlackElo "1976"]
[Annotator "NA RC"]
[PlyCount "115"]
[EventDate "2019.02.28"]
[EventType "swiss"]
[EventCountry "IRL"]
[SourceTitle "playchess.com"]
[Source "ChessBase"]
[SourceQuality "1"]
[TimeControl "5400+30"]

1. Nf3 d5 2. d4 Nf6 3. c4 c6 4. e3 Bf5 5. Nc3 e6 6. Be2 dxc4 7. Bxc4 b5 8. Be2 b4 9. Na4 Nbd7 10. O-O Be7 11. Nh4 Be4 12. f3 Bg6 13. Nxg6 hxg6 14. e4 O-O 15. Be3 Qa5 16. b3 Rfd8 17. Qd3 a6 18. Rfd1 c5 19. Rac1 cxd4 20. Qxd4 Nc5 21. Rxc5 Bxc5 22. Qxc5 Rxd1+ 23. Bxd1 Qd8 24. Be2 Rc8 25. Qd4 Qe7 26. Bxa6 Rd8 27. Qa1 g5 28. Be2 g4 29. Nc5 gxf3 30. gxf3 Rc8 31. Qe5 Ra8 32. Qb2 Rc8 33. Nd3 Nh5 34. Qd2 Qh4 35. Bg5 Rc2 36. Qxc2 Qxg5+ 37. Kf1 Qh4 38. Bd1 g6 39. Qd2 e5 40. Kg2 Qd8 41. Be2 Qd4 42. Qc1 Kh7 43. Kf1 Qd7 44. Qc5 Qh3+ 45. Kg1 f6 46. Qe7+ Kh6 47. Qf8+ Kg5 48. Qxb4 Qd7 49. Qc5 Kh6 50. a4 Ng7 51. Qd5 Qc7 52. Qc4 Qb6+ 53. Kf1 Ne6 54. a5 Qd6 55. Qd5 Qe7 56. a6 Nd4 57. f4 Qa3 58. Qg8 *

[Event "Irish International Open 2019"]
[Site "Dublin"]
[Date "2019.04.19"]
[Round "4.8"]
[White "Melaugh, Gavin"]
[Black "De Verdier, Michael"]
[Result "0-1"]
[ECO "A40"]
[WhiteElo "2109"]
[BlackElo "2306"]
[Annotator "NA"]
[PlyCount "90"]
[EventDate "2019.02.28"]
[EventType "swiss"]
[EventCountry "IRL"]
[SourceTitle "playchess.com"]
[Source "ChessBase"]
[SourceQuality "1"]
[TimeControl "5400+30"]

1. c4 b6 2. Nc3 Bb7 3. d4 e6 4. e4 Bb4 5. Qc2 Qh4 6. Bd3 f5 7. Nf3 Bxc3+ 8. Qxc3 Qg4 9. O-O fxe4 10. h3 Qh5 11. d5 Nf6 12. Bxe4 O-O 13. Bc2 exd5 14. Nd4 dxc4 15. Qxc4+ Qd5 16. Qxd5+ Bxd5 17. Bf4 c5 18. Nb5 Ne8 19. Bxb8 Rxb8 20. Nxa7 b5 21. Rfd1 Be6 22. a4 bxa4 23. Rxa4 Rxb2 24. Be4 Bb3 25. Bd5+ Bxd5 26. Rxd5 Rfxf2 27. Rg5 h6 28. Rg6 Kh7 29. Rag4 Rf6 30. Rxf6 Nxf6 31. Rc4 Rb1+ 32. Kh2 Rb7 33. Nc8 Rc7 34. Nd6 Rc6 35. Nb7 d6 36. g4 Rb6 37. Na5 Rb5 38. Nc6 d5 39. Rf4 Rb2+ 40. Kg1 c4 41. Ne5 c3 42. Nd3 Rd2 43. Ne1 c2 44. Nxc2 Rxc2 45. Rd4 Kg6 0-1

[Event "Irish International Open 2019"]
[Site "Dublin"]
[Date "2019.04.19"]
[Round "4.10"]
[White "McMorrow, John"]
[Black "Fitzsimons, David"]
[Result "1-0"]
[ECO "B09"]
[WhiteElo "2058"]
[BlackElo "2299"]
[Annotator "NA"]
[PlyCount "113"]
[EventDate "2019.02.28"]
[EventType "swiss"]
[EventCountry "IRL"]
[SourceTitle "playchess.com"]
[Source "ChessBase"]
[SourceQuality "1"]
[TimeControl "5400+30"]

1. e4 d6 2. d4 Nf6 3. Nc3 g6 4. f4 Bg7 5. Nf3 O-O 6. Bd3 Nc6 7. e5 dxe5 8. fxe5 Nh5 9. Be3 Bg4 10. Be2 f6 11. exf6 exf6 12. d5 Ne7 13. Qd2 Nf5 14. Nd4 Nxe3 15. Qxe3 Re8 16. Ne6 Bxe2 17. Kxe2 Qd6 18. Kf3 c6 19. g4 cxd5 20. Nb5 Qd7 21. Nbc7 Rac8 22. Nxe8 Rxe8 23. Rhe1 Nf4 24. Qxf4 Rxe6 25. Rxe6 Qxe6 26. Rd1 h5 27. h3 Kh7 28. Qe3 hxg4+ 29. hxg4 Qc6 30. Rh1+ Kg8 31. Qe7 f5 32. gxf5 gxf5 33. Rg1 Qh6 34. Qd8+ Kh7 35. Qxd5 Qh3+ 36. Kf2 Qh4+ 37. Ke2 Qh5+ 38. Qf3 Qh2+ 39. Rg2 Qe5+ 40. Kd1 b6 41. c3 a5 42. Rf2 Kg6 43. Qc6+ Kh5 44. Qh1+ Kg6 45. Qg2+ Kf6 46. Qc6+ Kf7 47. Qd7+ Kg6 48. Re2 Qg3 49. Qe8+ Kg5 50. Qd8+ Kh5 51. Qe8+ Kg5 52. Qd8+ Kh5 53. Qd2 Be5 54. Qd5 Qg1+ 55. Kc2 Bf4 56. Qxf5+ Kh4 57. Qxf4+ 1-0